Map: Eternal Empire LE

Players

Scarlett - Winner!

  • Race: Zerg Zerg
  • Spawn Location: 1:00

Future

  • Race: Terran Terran
  • Spawn Location: 7:00

Event: DreamHack SC2 Masters 2020 Summer North America

VOD

Have the link to the VOD?

Description

Time

  • Played on: July 8, 2020, 3:23 p.m.
  • Length: 12:04

All games in this series

Show
View Real Time Build Order
Export as new Build Order

Scarlett Zerg - Winner!

Build Orders: Hatch First, Muta Ling Bane 

Get SALT Encoding   

  12  0:00  Drone  
  13  0:12  Overlord  
  13  0:17  Drone  
  14  0:30  Drone x2  
  16  0:48  Hatchery  
  15  0:52  Drone  
  15  0:55  Drone  
  17  0:58  Drone  
  18  1:09  Extractor  
  17  1:13  Spawning Pool  
  17  1:16  Drone  
  17  1:20  Drone  
  18  1:28  Drone  
  19  1:39  Drone  
  20  1:50  Overlord  
  20  2:00  Queen x2  
  25  2:01  Zergling x4  
  26  2:11  Drone x2, Metabolic Boost  
  28  2:22  Drone x2  
  30  2:33  Drone x2  
  30  2:35  Queen  
  34  2:39  Queen  
  36  2:45  Overlord  
  36  2:51  Overlord  
  36  3:04  Drone x2  
  38  3:07  Drone x5  
  38  3:08  Drone  
  44  3:13  Lair  
  44  3:15  Drone  
  45  3:20  Extractor  
  45  3:22  Overlord, Extractor  
  45  3:25  Drone  
  44  3:41  Drone x5  
  49  3:48  Drone x6  
  55  4:03  Extractor  
  55  4:06  Drone x2  
  55  4:07  Zergling x4  
  58  4:12  Overseer  
  58  4:14  Spire  
  57  4:24  Drone x2  
  59  4:31  Overlord x2  
  59  4:32  Overlord  
  59  4:34  Hatchery  
  59  4:36  Zergling x4  
  60  4:45  Baneling Nest  
  60  4:49  Overlord  
  60  4:50  Overlord  
  60  4:51  Queen  
  61  4:55  Drone x5  
  66  5:02  Drone x3  
  66  5:06  Drone x2  
  70  5:27  Mutalisk x4  
  78  5:30  Mutalisk x3  
  78  5:33  Zergling x6  
  78  5:35  Centrifical Hooks  
  87  5:40  Zergling x4  
  89  5:50  Zergling x2  
  89  5:51  Zergling x4  
  89  5:53  Baneling x8  
  92  6:00  Drone  
  92  6:01  Drone x8  
  101  6:07  Overlord, Evolution Chamber x2  
  101  6:09  Zerg Flyer Weapons Level 1  
  101  6:10  Overlord  
  99  6:17  Overlord  
  98  6:22  Zergling x12  
  104  6:28  Zergling x6  
  107  6:34  Baneling x11  
  107  6:35  Zergling x6  
  110  6:40  Extractor  
  110  6:41  Extractor  
  110  6:44  Drone x3  
  110  6:46  Drone  
  110  6:47  Drone  
  113  6:50  Drone  
  113  6:51  Drone x2  
  113  6:52  Zerg Melee Weapons Level 1, Zerg Ground Armor Level 1  
  113  6:53  Zergling x2  
  117  7:00  Pneumatized Carapace  
  117  7:04  Overseer  
  117  7:05  Zergling x6  
  120  7:08  Hatchery  
  120  7:14  Overlord x2  
  119  7:17  Overlord  
  119  7:21  Mutalisk x2  
  123  7:24  Zergling x12  
  129  7:43  Zergling x22  
  140  7:44  Baneling x16  
  140  7:49  Zergling x8  
  140  7:51  Baneling x4  
  144  7:58  Zergling x4  
  146  8:05  Overlord  
  146  8:07  Mutalisk  
  146  8:08  Mutalisk  
  146  8:10  Zergling x2  
  146  8:11  Zergling x4  
  153  8:15  Overlord x2  
  153  8:23  Mutalisk  
  153  8:24  Mutalisk x2  
  159  8:29  Zergling x12  
  122  8:42  Zergling x8  
  122  8:44  Zergling x2  
  122  8:45  Zergling x8  
  122  8:47  Baneling  
  122  8:48  Baneling x5  
  118  8:53  Baneling x6  
  117  8:57  Zerg Flyer Weapons Level 2  
  117  8:58  Drone x7  
  117  8:59  Drone x2  
  126  9:03  Zergling x2  
  126  9:08  Zergling x2  
  128  9:10  Zerg Ground Armor Level 2  
  128  9:11  Overlord  
  128  9:18  Zerg Melee Weapons Level 2  
  128  9:22  Zergling x16  
  136  9:25  Hatchery  
  135  9:32  Drone x3, Extractor  
  135  9:33  Extractor  
  135  9:34  Drone x4  
  135  9:36  Overseer  
  139  9:42  Mutalisk x4  
  139  9:44  Zergling x2  
  148  9:46  Baneling x3  
  148  9:51  Zergling x6  
  151  9:53  Baneling x4  
  151  9:55  Queen  
  153  10:03  Baneling x8  
  153  10:04  Zergling x16  
  161  10:11  Mutalisk  
  161  10:13  Zergling x4  
  165  10:18  Baneling  
  165  10:19  Baneling x8  
  165  10:23  Zergling x6  
  168  10:32  Zergling x22  
  179  10:38  Zergling x4  
  181  10:44  Mutalisk  
  181  10:45  Mutalisk x3  
  189  10:50  Zergling x4  
  189  10:52  Baneling x11  
  189  10:58  Zergling x2  
  189  10:59  Zergling x14  
  160  11:09  Zergling x12  
  137  11:13  Baneling x2  
  137  11:14  Zergling x12  
  142  11:19  Mutalisk x3  
  142  11:23  Mutalisk x3  
  153  11:26  Zergling x2  
  153  11:27  Zergling x6  
  158  11:34  Zergling x2, Baneling x7  
  158  11:35  Zergling x8  
  162  11:46  Zergling x14  
Show
View Real Time Build Order
Export as new Build Order

Future Terran 

Build Orders: Reaper Expand 

Get SALT Encoding   

  12  0:00  SCV  
  13  0:13  SCV  
  14  0:17  Supply Depot  
  14  0:25  SCV  
  15  0:39  SCV  
  15  0:40  Barracks  
  16  0:44  Refinery  
  16  0:51  SCV  
  17  1:03  SCV  
  18  1:15  SCV  
  19  1:27  Reaper, Orbital Command  
  20  1:40  Command Center  
  20  1:53  SCV  
  21  1:55  Supply Depot  
  21  1:59  Marine  
  22  2:05  SCV  
  23  2:08  Factory  
  23  2:17  SCV  
  25  2:25  Barracks Reactor  
  25  2:29  SCV  
  25  2:41  SCV  
  25  2:42  Command Center  
  26  2:53  SCV  
  26  2:54  Orbital Command  
  27  3:05  Hellion x2  
  31  3:08  Barracks Tech Lab  
  31  3:09  SCV  
  33  3:20  SCV  
  33  3:21  SCV  
  33  3:26  Hellion x2, Marine  
  39  3:27  Stimpack  
  39  3:32  SCV  
  39  3:33  SCV  
  41  3:42  Barracks  
  41  3:44  SCV  
  41  3:45  SCV, Marine  
  44  3:54  Barracks  
  44  3:56  SCV, Orbital Command  
  44  3:57  SCV  
  44  3:58  Factory Reactor  
  46  4:03  Marine  
  46  4:06  Refinery  
  46  4:08  SCV, Refinery  
  49  4:10  SCV  
  49  4:20  SCV  
  49  4:22  SCV x2, Supply Depot  
  52  4:25  Marine  
  52  4:32  SCV  
  52  4:34  SCV  
  52  4:35  SCV, Starport  
  55  4:39  Marine x2  
  55  4:41  Factory Reactor  
  55  4:42  Marine  
  55  4:44  SCV  
  59  4:46  SCV  
  59  4:47  SCV, Supply Depot  
  59  4:51  Marine x2  
  59  4:52  Engineering Bay x2  
  63  4:56  SCV  
  63  4:58  SCV  
  63  4:59  SCV  
  66  5:00  Marine  
  66  5:01  Marine x2  
  66  5:03  Refinery  
  69  5:08  Marine  
  69  5:09  SCV  
  69  5:10  SCV, Supply Depot  
  69  5:11  Supply Depot  
  69  5:13  Orbital Command  
  72  5:21  SCV, Marine  
  73  5:22  SCV, Marine x2  
  73  5:24  Terran Infantry Weapons Level 1  
  73  5:25  Terran Infantry Armor Level 1  
  73  5:26  Factory Tech Lab  
  77  5:32  Medivac x2  
  77  5:33  SCV  
  77  5:34  SCV  
  83  5:37  Supply Depot  
  83  5:38  Supply Depot  
  83  5:39  SCV  
  83  5:40  Combat Shield  
  84  5:45  SCV  
  84  5:46  SCV  
  84  5:47  Marine  
  84  5:48  Marine x3  
  84  5:49  Marine  
  91  5:51  SCV  
  91  5:53  Missile Turret  
  91  5:56  Missile Turret  
  92  5:57  SCV  
  92  5:58  Missile Turret  
  92  6:02  SCV  
  92  6:03  SCV  
  95  6:05  Marine x2  
  95  6:06  Marine x2  
  95  6:07  Marine  
  95  6:09  Siege Tank  
  103  6:17  Supply Depot x2  
  103  6:19  Supply Depot  
  103  6:23  Marine x3  
  103  6:24  Marine  
  105  6:26  SCV  
  106  6:37  Medivac  
  106  6:38  Medivac, Barracks  
  106  6:39  Barracks  
  110  6:43  Marine x4  
  110  6:44  Armory  
  112  6:47  Siege Tank  
  115  6:58  Supply Depot  
  115  7:00  Supply Depot, Missile Turret, Marine  
  115  7:01  Marine  
  116  7:06  Marine x3  
  120  7:18  Marine  
  120  7:19  Marine  
  120  7:20  Siege Tank  
  120  7:22  Medivac x2  
  127  7:23  Supply Depot  
  127  7:24  Marine x3  
  132  7:30  Barracks  
  132  7:33  Barracks Reactor, Barracks  
  132  7:34  Barracks Reactor  
  132  7:36  Marine x2, Barracks  
  133  7:38  Supply Depot  
  133  7:39  SCV x2  
  133  7:40  SCV  
  136  7:44  Marine  
  136  7:49  Marine x2  
  139  7:51  SCV  
  139  7:52  Siege Tank  
  139  7:55  SCV, Refinery  
  139  7:56  SCV, Marine x2  
  139  7:57  Refinery  
  147  8:02  Marine  
  147  8:03  SCV  
  149  8:07  Marine x2  
  149  8:10  Marine  
  149  8:11  Marine x3  
  155  8:18  Terran Infantry Armor Level 2, Terran Infantry Weapons Level 2  
  155  8:19  Marine x2  
  157  8:29  Supply Depot, Marine x3  
  157  8:31  Marine x2  
  157  8:32  Supply Depot  
  157  8:34  Supply Depot  
  125  8:45  Marine  
  125  8:46  Marine x6  
  125  8:47  Marine x3, Siege Tank  
  109  8:50  Marine x2  
  111  9:02  Liberator x2  
  111  9:03  Marine x3  
  111  9:04  Marine x4  
  111  9:05  Marine x3  
  111  9:07  Marine  
  111  9:08  Marine  
  129  9:13  Supply Depot  
  129  9:19  Siege Tank  
  129  9:21  Marine x4  
  129  9:22  Marine  
  129  9:23  Marine  
  138  9:26  Marine x6  
  144  9:39  Marine x4  
  144  9:40  Marine  
  144  9:41  Marine  
  144  9:44  Marine x6  
  144  9:45  Liberator  
  155  9:47  Liberator  
  161  9:57  Marine x5, Siege Tank  
  161  9:58  Marine  
  170  10:02  Marine x6  
  176  10:14  Marine  
  176  10:15  Marine x4  
  176  10:16  Marine  
  176  10:19  Marine  
  176  10:20  Marine x3  
  186  10:21  Marine  
  186  10:23  Marine  
  186  10:27  Supply Depot  
  188  10:32  Marine x2  
  188  10:33  Marine x2  
  189  10:40  Marine x3, Siege Tank  
  195  10:43  Marine x2  
  195  10:48  Marine x3  
  200  11:02  Liberator  
  173  11:04  Marine  
  173  11:05  Marine x8  
  173  11:06  Marine  
  173  11:07  Marine  
  173  11:09  Marine  
  153  11:14  Siege Tank  
  154  11:22  Marine  
  155  11:26  Marine x10  
  165  11:33  Marine  
  163  11:40  Marine  
  163  11:44  Marine x4  
Tags
 
Add a new tag
Caveats
  • Supply blocks, unpowered buildings, or Contaminate may cause inaccurate times.
  • Supply counts are checked every 10 seconds.